Map: Tropical Sacrifice

Players

Cham - Winner!

  • Race: Zerg Zerg
  • Spawn Location: 7:00

PappiJoe

  • Race: Protoss Protoss
  • Spawn Location: 1:00

Event: HomeStory Cup XXII

VOD

Have the link to the VOD?

Description

Time

  • Played on: Dec. 15, 2022, 3:43 p.m.
  • Length: 11:10

All games in this series

Show
View Real Time Build Order
Export as new Build Order

Cham Zerg - Winner!

Build Orders: Pool First 

Get SALT Encoding   

  12  0:00  Drone  
  13  0:14  Overlord  
  13  0:17  Drone  
  14  0:33  Drone x2  
  16  0:42  Spawning Pool  
  15  0:45  Drone  
  16  0:53  Drone  
  17  1:23  Hatchery  
  16  1:28  Zergling x6  
  16  1:32  Queen  
  19  1:39  Overlord  
  21  1:45  Extractor  
  20  1:50  Drone  
  21  2:01  Drone  
  21  2:08  Queen  
  24  2:21  Drone  
  25  2:23  Drone  
  26  2:35  Drone x2  
  26  2:36  Queen  
  29  2:41  Drone x2  
  29  2:42  Drone  
  32  2:45  Drone  
  32  2:47  Drone  
  32  2:49  Metabolic Boost  
  34  3:05  Hatchery  
  33  3:08  Drone  
  33  3:09  Drone  
  35  3:16  Overlord  
  35  3:18  Overlord  
  35  3:25  Overlord  
  35  3:37  Spore Crawler, Drone  
  37  3:42  Drone x4  
  37  3:47  Roach Warren  
  38  3:50  Drone  
  38  3:51  Drone x3  
  38  3:54  Overlord  
  42  4:00  Overlord  
  42  4:01  Drone  
  43  4:03  Drone  
  44  4:10  Overlord  
  44  4:13  Drone x3  
  44  4:15  Extractor  
  46  4:19  Drone  
  46  4:22  Zergling x8  
  50  4:31  Overlord  
  50  4:32  Roach x2  
  50  4:33  Roach  
  50  4:38  Roach  
  58  4:39  Roach  
  58  4:42  Roach  
  58  4:44  Roach  
  64  4:48  Overlord  
  64  4:50  Roach  
  66  4:54  Roach  
  69  5:00  Zergling x12  
  69  5:02  Zergling x2  
  69  5:04  Zergling x2  
  76  5:11  Zergling x8  
  80  5:16  Zergling x4  
  81  5:25  Lair  
  81  5:26  Overlord x2  
  79  5:28  Drone x2  
  79  5:31  Drone  
  79  5:32  Drone x2  
  84  5:42  Drone x2  
  85  5:43  Drone x2, Overlord  
  85  5:48  Overlord  
  87  6:03  Drone x13  
  85  6:12  Drone  
  85  6:13  Drone  
  85  6:16  Roach x2, Extractor  
  85  6:17  Spore Crawler, Extractor  
  85  6:20  Drone  
  84  6:26  Roach  
  84  6:27  Roach x4  
  84  6:31  Glial Reconstitution  
  88  6:38  Roach x3  
  90  6:42  Overseer  
  90  6:44  Overlord  
  90  6:48  Hatchery  
  90  6:50  Roach x3  
  94  6:56  Roach x5  
  94  6:59  Roach  
  107  7:01  Roach x2  
  107  7:03  Roach  
  107  7:08  Queen  
  110  7:10  Overlord  
  110  7:13  Roach x2  
  116  7:17  Roach x3  
  116  7:19  Roach  
  124  7:25  Roach x2  
  124  7:26  Roach  
  124  7:28  Overlord  
  132  7:30  Roach x2  
  132  7:32  Overlord  
  132  7:34  Overlord  
  134  7:39  Overlord  
  131  7:44  Overlord x2  
  131  7:48  Drone x3  
  131  7:50  Drone x2  
  134  7:51  Roach  
  134  7:52  Roach  
  134  7:53  Overseer  
  134  7:57  Drone x2  
  140  8:00  Evolution Chamber  
  140  8:03  Drone x2  
  141  8:11  Overlord  
  141  8:13  Overseer, Roach  
  141  8:16  Drone x3  
  141  8:17  Overlord x2  
  141  8:18  Drone  
  141  8:35  Drone x10  
  141  8:39  Hydralisk Den  
  141  8:40  Roach, Overlord  
  148  8:48  Roach x4  
  146  8:49  Roach x2  
  146  8:50  Roach x2  
  138  8:58  Roach x2  
  138  9:00  Roach x2  
  140  9:09  Roach x3  
  146  9:10  Roach  
  146  9:11  Roach x2  
  146  9:12  Roach  
  146  9:13  Roach  
  146  9:16  Grooved Spines  
  152  9:19  Extractor  
  152  9:21  Extractor  
  148  9:28  Hydralisk x4  
  140  9:32  Overlord x2  
  140  9:36  Hydralisk  
  140  9:37  Hydralisk  
  142  9:38  Zergling x2  
  142  9:39  Zergling x2  
  142  9:45  Roach x3  
  150  9:46  Zergling x8  
  150  9:50  Roach x2  
  158  9:54  Roach  
  158  9:57  Hydralisk  
  152  10:05  Extractor  
  152  10:06  Hydralisk x2, Extractor  
  142  10:07  Overlord x2  
  142  10:08  Zergling x4  
  142  10:09  Zergling x2  
  142  10:11  Hydralisk  
  142  10:13  Hydralisk  
  149  10:16  Hydralisk  
  149  10:18  Zergling x6  
  154  10:26  Hydralisk x2  
  154  10:27  Hydralisk x2  
  162  10:32  Overseer x2  
  160  10:41  Hydralisk x3  
  160  10:42  Hydralisk  
  165  10:43  Zergling x20  
  165  10:46  Roach  
Show
View Real Time Build Order
Export as new Build Order

PappiJoe Protoss 

Build Orders: 1 Gate Expand 

Get SALT Encoding   

  12  0:00  Probe  
  13  0:15  Pylon  
  13  0:17  Probe (Chrono Boost)  
  14  0:28  Probe (Chrono Boost)  
  15  0:33  Probe (Chrono Boost)  
  16  0:39  Gateway  
  16  0:44  Probe  
  17  0:51  Assimilator  
  17  0:56  Probe  
  18  1:08  Probe  
  19  1:24  Nexus  
  19  1:34  Cybernetics Core  
  19  1:36  Probe  
  20  1:46  Assimilator  
  20  1:49  Probe  
  20  1:53  Pylon  
  21  2:05  Cybernetics Core  
  21  2:07  Adept (Chrono Boost)  
  21  2:11  Probe  
  21  2:14  Warp Gate  
  24  2:23  Probe  
  24  2:28  Adept (Chrono Boost)  
  28  2:37  Probe (Chrono Boost)  
  28  2:39  Probe (Chrono Boost)  
  28  2:44  Gateway  
  29  2:47  Probe (Chrono Boost)  
  29  2:50  Probe (Chrono Boost)  
  31  2:52  Probe (Chrono Boost)  
  31  2:55  Stalker  
  34  2:59  Probe  
  34  3:03  Twilight Council  
  35  3:06  Probe  
  35  3:11  Probe  
  37  3:18  Probe  
  38  3:24  Probe  
  39  3:31  Probe  
  39  3:33  Nexus  
  40  3:38  Pylon  
  40  3:39  Probe  
  41  3:43  Probe  
  41  3:44  Resonating Glaives (Chrono Boost)  
  41  3:45  Adept  
  44  3:51  Probe  
  45  3:55  Probe  
  46  4:02  Gateway  
  46  4:04  Adept, Probe  
  49  4:11  Gateway  
  49  4:14  Probe  
  50  4:19  Probe  
  50  4:23  Pylon  
  51  4:26  Probe, Assimilator  
  51  4:27  Pylon  
  51  4:29  Adept  
  54  4:37  Shield Battery  
  54  4:40  Probe  
  54  4:41  Probe  
  54  4:42  Adept  
  57  4:45  Probe  
  57  4:51  Robotics Facility  
  57  4:52  Probe  
  59  4:53  Probe  
  59  4:54  Adept  
  59  4:57  Adept  
  64  5:00  Probe  
  64  5:04  Probe  
  64  5:06  Stalker  
  68  5:08  Probe  
  68  5:12  Blink (Chrono Boost), Probe, Stalker  
  72  5:14  Shield Battery  
  72  5:16  Probe  
  72  5:20  Probe  
  70  5:25  Adept x2  
  64  5:29  Shield Battery  
  64  5:30  Probe  
  64  5:31  Probe  
  64  5:33  Probe  
  67  5:35  Adept  
  67  5:36  Adept  
  71  5:44  Pylon  
  71  5:46  Probe x3  
  71  5:47  Stalker  
  76  5:50  Sentry  
  74  5:58  Adept x2  
  68  6:09  Probe x2  
  68  6:10  Stalker  
  63  6:16  Shield Battery, Probe  
  57  6:21  Probe x2, Stalker x2  
  57  6:25  Stalker  
  57  6:28  Probe  
  57  6:33  Probe x2  
  57  6:38  Stalker  
  61  6:40  Probe  
  61  6:45  Probe  
  63  6:48  Probe  
  63  6:49  Pylon  
  63  6:53  Probe  
  65  6:57  Stalker  
  65  6:58  Probe (Chrono Boost)  
  65  7:00  Probe (Chrono Boost)  
  69  7:05  Probe (Chrono Boost)  
  69  7:10  Probe (Chrono Boost)  
  69  7:12  Probe (Chrono Boost)  
  72  7:16  Probe (Chrono Boost)  
  72  7:17  Probe (Chrono Boost)  
  72  7:18  Observer (Chrono Boost), Probe (Chrono Boost)  
  72  7:20  Probe (Chrono Boost)  
  76  7:26  Probe x2  
  78  7:31  Probe  
  79  7:38  Probe x2  
  81  7:44  Probe  
  81  7:48  Stalker x4  
  81  7:50  Probe, Assimilator  
  87  7:52  Gateway  
  87  7:53  Gateway  
  87  7:55  Gateway  
  87  7:56  Probe  
  87  7:57  Probe  
  89  8:01  Gateway  
  89  8:02  Probe  
  88  8:07  Pylon  
  88  8:11  Stalker x2  
  92  8:18  Probe  
  93  8:23  Gateway  
  93  8:24  Gateway  
  93  8:27  Pylon  
  88  8:38  Warp Prism  
  88  8:40  Pylon  
  84  8:44  Pylon x2  
  68  8:50  Probe x2  
  68  8:54  Stalker x4  
  73  8:55  Probe  
  73  9:02  Probe  
  75  9:10  Pylon  
  75  9:11  Probe x2  
  75  9:14  Probe  
  75  9:16  Pylon  
  78  9:23  Probe x2  
  80  9:29  Probe  
  81  9:38  Stalker x2  
  68  9:54  Probe  
  68  9:59  Probe x2  
  69  10:06  Probe  
  68  10:11  Probe x2  
  70  10:18  Probe  
  70  10:20  Stalker x3  
  77  10:23  Probe  
  77  10:24  Probe  
  77  10:25  Adept  
  81  10:42  Probe x2  
  81  10:53  Stalker x4  
Tags
 
Add a new tag
Caveats
  • Supply blocks, unpowered buildings, or Contaminate may cause inaccurate times.
  • Supply counts are checked every 10 seconds.